Map: Catalyst LE

Players

dolbachok - Winner!

  • Race: Terran Terran
  • League: Master
  • Spawn Location: 11:00

Dutchkid

  • Race: Zerg Zerg
  • League: Diamond
  • Spawn Location: 5:00

VOD

Have the link to the VOD?

Description

Time

  • Played on: April 30, 2018, 12:06 p.m.
  • Length: 11:37
Show
View Real Time Build Order
Export as new Build Order

dolbachok Terran - Winner!

Build Orders: Hellion Opening, Reaper Expand, MMM Bio 

Get SALT Encoding   

  12  0:00  SCV  
  13  0:12  SCV  
  14  0:18  Supply Depot  
  14  0:25  SCV  
  15  0:29  Refinery  
  15  0:39  SCV  
  16  0:46  Barracks  
  16  0:52  SCV  
  17  1:04  SCV  
  18  1:16  SCV  
  19  1:33  Orbital Command  
  19  1:34  Reaper  
  20  1:49  Command Center  
  20  2:00  Factory  
  20  2:04  SCV  
  21  2:08  Barracks Reactor  
  21  2:15  Supply Depot  
  21  2:17  SCV  
  21  2:22  Refinery  
  22  2:29  SCV  
  23  2:43  SCV  
  24  2:54  Barracks Tech Lab  
  24  2:55  SCV, Starport  
  24  2:58  Hellion x2  
  29  3:06  Orbital Command  
  29  3:07  SCV  
  30  3:19  SCV  
  31  3:24  Hellion x2  
  35  3:34  SCV  
  35  3:35  SCV  
  37  3:43  Armory, Medivac  
  37  3:47  Hellion  
  41  3:51  Hellion  
  41  3:54  SCV  
  41  3:55  SCV  
  45  4:07  SCV  
  45  4:09  SCV  
  42  4:10  Hellion  
  42  4:12  Hellion  
  44  4:26  Stimpack, Marine  
  45  4:35  Liberator  
  45  4:36  Hellion  
  46  4:40  SCV  
  46  4:42  Hellion  
  51  4:52  SCV x2  
  51  4:54  Supply Depot  
  51  4:57  Supply Depot, Hellion  
  53  5:05  SCV  
  53  5:06  Engineering Bay  
  54  5:10  Barracks  
  54  5:15  SCV  
  54  5:16  Hellion  
  54  5:17  SCV  
  58  5:21  Marine  
  58  5:27  SCV  
  58  5:28  Barracks  
  60  5:29  SCV  
  61  5:39  SCV  
  62  5:47  SCV  
  61  5:52  SCV, Marine  
  61  5:53  Widow Mine x2  
  66  6:00  SCV  
  66  6:04  SCV  
  68  6:06  Barracks Reactor  
  68  6:07  Terran Infantry Weapons Level 1  
  68  6:09  Engineering Bay  
  68  6:12  SCV  
  68  6:14  Command Center  
  68  6:17  SCV  
  62  6:24  SCV  
  62  6:25  Barracks Reactor  
  59  6:30  Combat Shields, Barracks  
  59  6:31  Barracks  
  59  6:35  Factory Tech Lab  
  56  6:41  Medivac  
  56  6:43  Marine x3  
  56  6:45  SCV x2  
  63  6:48  Refinery  
  63  6:49  Terran Infantry Armor Level 1  
  63  6:50  Refinery, Supply Depot  
  63  6:53  Supply Depot  
  63  6:55  Siege Tank  
  67  7:01  SCV x2  
  67  7:04  Marine x2  
  70  7:08  Marine  
  70  7:12  Marine x2  
  70  7:14  Supply Depot  
  72  7:16  Supply Depot  
  72  7:18  Starport Reactor, Supply Depot  
  72  7:19  Marine x2  
  74  7:27  Orbital Command  
  74  7:28  Marine  
  74  7:29  Marine x2  
  77  7:31  Barracks Tech Lab  
  77  7:45  Marine x4  
  77  7:46  Marine  
  77  7:48  Siege Tank  
  85  7:54  Marine x3  
  87  8:03  Marine x2  
  87  8:04  Orbital Command  
  89  8:07  Terran Infantry Weapons Level 2  
  89  8:11  Terran Vehicle Weapons Level 1  
  89  8:12  SCV, Supply Depot  
  90  8:13  SCV, Marine x3  
  94  8:20  Siege Tank  
  94  8:23  Marine x3  
  94  8:24  Marine x2  
  94  8:25  SCV x2  
  94  8:34  Marine  
  94  8:35  Marine x2  
  94  8:37  SCV x2  
  94  8:41  Marine x2, Medivac x2  
  101  8:47  Terran Infantry Armor Level 2  
  105  8:54  Marine x2  
  105  8:55  Siege Tank, Marine  
  111  8:57  Marine x2  
  111  8:58  Marine  
  111  8:59  Marine  
  115  9:04  Concussive Shells  
  115  9:11  Medivac  
  115  9:12  Marine x2  
  115  9:13  Supply Depot  
  115  9:15  Marine x2  
  121  9:24  Marine  
  121  9:27  Barracks  
  121  9:30  Barracks  
  121  9:32  Barracks  
  121  9:36  Supply Depot  
  106  9:47  Marine x5  
  106  9:48  Marine x3  
  106  9:50  Siege Tank  
  117  9:54  SCV x2  
  117  9:55  SCV  
  117  9:58  Medivac x2  
  124  10:04  Refinery  
  124  10:05  Refinery, Marine x6  
  124  10:06  SCV  
  131  10:22  Siege Tank  
  120  10:32  Marine  
  120  10:33  Marine x6  
  120  10:34  Marine x4  
  127  10:40  Missile Turret  
  126  10:50  Marine x2  
  126  10:51  Marine x6  
  114  10:58  Marine x3  
  114  11:01  Medivac x2  
  119  11:08  Marine x3  
  119  11:09  Marine  
  123  11:22  SCV x2  
Show
View Real Time Build Order
Export as new Build Order

Dutchkid Zerg 

Build Orders: Hatch First, Muta Ling Bane 

Get SALT Encoding   

  12  0:01  Drone  
  13  0:12  Overlord  
  13  0:17  Drone  
  14  0:31  Drone x2  
  14  0:35  Drone  
  17  0:52  Hatchery  
  17  0:54  Drone  
  17  0:59  Extractor  
  17  1:00  Drone  
  17  1:14  Spawning Pool  
  17  1:16  Drone  
  17  1:19  Drone  
  18  1:28  Drone  
  19  1:39  Overlord  
  19  1:51  Drone  
  20  2:00  Queen  
  22  2:03  Metabolic Boost  
  22  2:04  Queen  
  24  2:13  Zergling x2  
  24  2:14  Zergling x2  
  26  2:25  Hatchery  
  25  2:30  Drone x2  
  26  2:44  Drone  
  26  2:45  Drone x4  
  31  2:51  Overlord  
  31  2:59  Overlord  
  31  3:02  Drone  
  32  3:07  Drone  
  33  3:13  Queen  
  33  3:15  Queen  
  37  3:28  Evolution Chamber  
  36  3:36  Zergling x16  
  42  3:43  Queen  
  44  3:58  Zerg Melee Weapons Level 1  
  44  4:02  Drone x4  
  48  4:03  Drone x2  
  46  4:20  Drone  
  46  4:21  Drone x7  
  46  4:23  Overlord  
  54  4:31  Spore Crawler  
  52  4:43  Zergling x2  
  52  4:44  Zergling x14  
  57  4:49  Roach Warren  
  56  4:53  Zergling x2  
  56  4:59  Lair  
  57  5:07  Zergling x4  
  57  5:08  Zergling x14  
  57  5:13  Extractor  
  65  5:17  Drone  
  65  5:18  Extractor, Overlord x2  
  65  5:19  Overlord  
  65  5:28  Drone  
  66  5:33  Drone x2  
  60  5:38  Zergling x16  
  60  5:39  Zergling x2  
  63  5:53  Zergling x6  
  58  6:01  Queen x3  
  58  6:03  Roach  
  61  6:11  Roach x2  
  59  6:19  Roach x3  
  59  6:20  Roach  
  65  6:33  Roach x5  
  68  6:42  Drone x3  
  68  6:43  Drone x2  
  73  6:48  Zerg Ground Armor Level 1  
  73  6:50  Drone x2  
  75  7:01  Drone  
  76  7:11  Drone  
  76  7:13  Drone x7  
  76  7:14  Drone x2  
  84  7:16  Extractor  
  83  7:22  Overlord  
  83  7:23  Baneling Nest, Overlord  
  82  7:37  Extractor  
  82  7:38  Drone x3  
  82  7:39  Drone x2  
  82  7:40  Drone  
  87  7:52  Spire  
  86  8:04  Glial Reconstitution  
  86  8:05  Zergling x2  
  87  8:06  Zergling x22  
  87  8:11  Centrifical Hooks  
  98  8:16  Drone x4  
  100  8:41  Zergling x2  
  100  8:42  Zergling x8  
  100  8:44  Overlord x3  
  100  8:45  Overlord x3  
  100  8:46  Zerg Melee Weapons Level 2  
  105  8:55  Overlord x6  
  105  9:11  Baneling  
  105  9:12  Baneling x14  
  105  9:21  Mutalisk  
  105  9:22  Mutalisk x4  
  114  9:34  Hatchery  
  83  9:45  Zergling x2  
  83  9:46  Zergling x28  
  96  9:56  Mutalisk  
  98  10:03  Zergling x2  
  98  10:04  Zergling x10  
  98  10:06  Baneling x5  
  98  10:07  Baneling x7  
  104  10:14  Mutalisk x2  
  106  10:25  Zergling x8  
  106  10:26  Zergling x10  
  103  10:35  Baneling x2  
  103  10:36  Baneling x6, Zergling x2  
  103  10:37  Zergling x8  
  90  10:54  Zergling x10  
  81  11:00  Zergling x8  
  80  11:05  Zergling x2  
  67  11:18  Zergling x2  
  67  11:19  Zergling x20  
Tags
 
Add a new tag
Caveats
  • Supply blocks, unpowered buildings, or Contaminate may cause inaccurate times.
  • Supply counts are checked every 10 seconds.